Unix NetHack Version 5.0.0-0 post-release - last build May 31 2026 23:59:36 (970b52f25bf058293b47ddfd14a1e40e571c508c,branch:main).

Game began 2026-06-04 14:16:53, ended 2026-06-04 14:39:14.

DiePARTEI, neutral female human Tourist

                                           -----
                    --------             ##-...|
                    |..{...|             # |&..|
                    |......-#            # |...&@
                    |)`)...|#            # ---.-&
   ----------       |......|##          ##    ###
   |[[)[[.[.|       |..>...| #          #      #0
   |[[[[[..[|  #####........######################################   --------
   |[.[[[[[.|  #    --------  #         #       # ###            ####.......|
   |....[[[[|  #              #         #       ##  ##               |..(...|
   |).[.[[[.-###              #         #        # ---.---           |......|
   |[[[[[)[.|                 #         #        ##|.....|           |......|
   ----------                 #  -------#         #|.....|           |......|
                              ###.._...|#         #|.....|       ####.......|
                                 |.....|#         #......|      ##   --------
                                 |...<.-#          |......#######
                                 |)(...|           -------
                                 -------

DiePARTEI the Sightseer     St:14 Dx:13 Co:18 In:14 Wi:11 Ch:13  Neutral
Dlvl:3  $:156 HP:0(57) Pw:27(27) AC:2  Xp:5 T:1968  Hungry  

Latest messages:
 The water demon throws a dart!
 The dart misses the succubus.
 You are almost hit by a dart.
 You miss the water demon.
 The water demon hits!
 The water demon hits!
 The water demon bites!
 The succubus hits!
 The succubus misses!
 You miss the water demon.
 The water demon hits!
 The water demon hits!
 The water demon bites!
 The succubus hits!
 The succubus misses!
 You miss the water demon.
 The water demon hits!
 The water demon hits!
 The water demon misses!
 The succubus misses!
 The succubus hits!
 The succubus just misses!
 You miss the water demon.
 The water demon hits!
 The water demon hits!
 The water demon bites!
 The succubus hits!
 The succubus hits again!
 You miss the water demon.
 The water demon hits!
 The water demon hits!
 The water demon bites!
 The succubus hits!
 The succubus just misses!
 The water demon throws a dart!
 The dart misses the succubus.
 You are hit by a dart.
 You hear the howling of the CwnAnnwn...
 What do you want to drink? [UV or ?*] U
 Magical energies course through your body.
 The water demon hits!
 The water demon hits!
 The water demon bites!
 The succubus hits!
 The succubus just misses!
 What do you want to drink? [V or ?*] V
 You suddenly fall asleep!
 The water demon hits!
 You die...
 Do you want your possessions identified? [ynq] (y) q

Inventory:
 Coins    ('$')
  $ - 156 gold pieces
 Weapons  (')')
  a - 7 +2 darts (at the ready)
  X - a blessed +0 scimitar (weapon in left hand)
 Armor    ('[')
  Y - an uncursed +0 orcish helm (being worn)
  M - an uncursed +0 pair of kicking boots (being worn)
  K - an uncursed +0 small shield (being worn)
  h - an uncursed +0 Hawaiian shirt with a sailboat motif (being worn)
  A - an uncursed +0 elven mithril-coat (being worn)
 Comestibles  ('%')
  b - 6 uncursed food rations
  d - 5 uncursed tripe rations
 Scrolls  ('?')
  S - an uncursed scroll of enchant armor
  C - 2 uncursed scrolls of identify
  g - 4 uncursed scrolls of magic mapping
 Spellbooks  ('+')
  v - an uncursed spellbook of jumping
  u - an uncursed spellbook of protection
 Rings    ('=')
  l - a cursed -2 ring of gain constitution named cursed
 Tools    ('(')
  k - a bag of tricks named empty (0:0)
  j - an uncursed credit card
  i - an expensive camera (0:34)
  W - a cursed magic lamp

DiePARTEI the Tourist's attributes:

Background:
 You were a Sightseer, a level 5 female human Tourist.
 You were neutral, on a mission for The Lady
 who was opposed by Blind Io (lawful) and Offler (chaotic).
 You were left-handed.
 You were in the Dungeons of Doom, on level 3.
 You entered the dungeon 1968 turns ago.
 You had 296 experience points, 24 more were needed to attain level 6.

Basics:
 You had 0 out of 57 hit points.
 You had all 27 energy points (spell power).
 Your armor class was 2.
 Your wallet contained 156 zorkmids.
 Autopickup was off.

Final Characteristics:
 Your strength was 14 (limit:18/100).
 Your dexterity was 13 (limit:18).
 Your constitution was 18 (limit:18).
 Your intelligence was 14 (limit:18).
 Your wisdom was 11 (limit:18).
 Your charisma was 13 (limit:18).

Final Status:
 You were hungry.
 You were unencumbered.
 You were wielding a saber.
 You were unskilled in saber.

Final Attributes:
 You were devoutly aligned.
 You were guarded.
 Your spell casting was impaired by metallic armor.
 You are dead.

Miscellaneous:
 You encountered 1 bones level.
 Total elapsed playing time was 22 minutes and 19 seconds.

Major events:
 Turn
    1: DiePARTEI the neutral female human Tourist entered the dungeon
  667: attained the rank of Sightseer (level 3)
 1968: killed by a water demon, while sleeping

Spells:
 Name                 Level Category     Fail Retention
 protection             1   clerical     100%  76%-100%
 jumping                1   escape       100%  76%-100%

Skills:
 Fighting Skills
   bare handed combat [Basic]
   two weapon combat  [Unskilled]
   riding             [Unskilled]
 Weapon Skills
   dagger             [Unskilled]
   knife              [Unskilled]
   axe                [Unskilled]
   pick-axe           [Unskilled]
   short sword        [Unskilled]
   broadsword         [Unskilled]
   long sword         [Unskilled]
   two-handed sword   [Unskilled]
   saber              [Unskilled]
   mace               [Unskilled]
   morning star       [Unskilled]
   flail              [Unskilled]
   hammer             [Unskilled]
   quarterstaff       [Unskilled]
   polearms           [Unskilled]
   spear              [Unskilled]
   trident            [Unskilled]
   lance              [Unskilled]
   bow                [Unskilled]
   sling              [Unskilled]
   crossbow           [Unskilled]
   dart               [Basic]
   shuriken           [Unskilled]
   boomerang          [Unskilled]
   whip               [Unskilled]
   unicorn horn       [Unskilled]
 Spellcasting Skills
   divination spells  [Unskilled]
   enchantment spells [Unskilled]
   escape spells      [Unskilled]

Voluntary challenges:
 Character rerolling was not enabled.
 You never genocided any monsters.
 You never polymorphed an object.
 You never changed form.
 You used no wishes.
Achievements:
 You attained the rank of Sightseer.
 You entered a shop.

 The Dungeons of Doom: levels 1 to 4
    Level 1:
       A fountain, a grave.
    Level 2:
       A fountain.
    Level 3: <- You were here.
       An armor shop, some altars to The Lady, a fountain.
       Final resting place for
          you, killed by a water demon, while sleeping.
    Level 4:
       An altar to The Lady.
       Final resting place for
          yeovil-Wiz-Hum-Mal-Neu, killed by an invisible werejackal.


Vanquished creatures:
  a rock piercer
  a shrieker
  a gnome leader
  a floating eye
  a kitten
  a wererat
 an iguana
 an acid blob
  a hobbit
  2 hobgoblins
  4 giant rats
  a green mold
  a gnome zombie
  2 geckos
  2 jackals
  a fox
  2 goblins
  9 grid bugs
  2 lichens
  a kobold zombie
  5 newts
41 creatures vanquished.

No species were genocided or became extinct.

Game over:
                       ----------
                      /          \
                     /    REST    \
                    /      IN      \
                   /     PEACE      \
                  /                  \
                  |    DiePARTEI     |
                  |      156 Au      |
                  |   killed by a    |
                  |   water demon    |
                  |                  |
                  |                  |
                  |       2026       |
                 *|     *  *  *      | *
        _________)/\\_//(\/(/\)/\//\/|_)_______

Aloha DiePARTEI the Tourist...

You died in The Dungeons of Doom on dungeon level 3 with 1498 points,
and 156 pieces of gold, after 1968 moves.
You were level 5 with a maximum of 57 hit points when you died.

